 Dungeon Crawl Stone Soup version 0.28-a0-1213-g0243856f03 (webtiles) character file.

Game seed: 4486234963178362052

100369 sanka the Envoy of Void (level 15, -22/128 HPs)
             Began as a Palentonga Abyssal Knight on Dec 20, 2021.
             Was a High Priest of Lugonu.
             Annihilated by a caustic shrike simulacrum (24 damage)
             ... in an ice cave on Dec 21, 2021.
             The game lasted 01:08:35 (39842 turns).

sanka the Envoy of Void (PaAK)                     Turns: 39842, Time: 01:08:35

Health: -22/128    AC: 34    Str: 20    XL:     15   Next: 80%
Magic:  0/26       EV:  5    Int: 12    God:    Lugonu [*****.]
Gold:   1381       SH:  0    Dex: 15    Spells: 14/14 levels left

rFire   x . .      SeeInvis +   a - +2 great mace (flame)
rCold   + . .      Faith    .   (shield currently unavailable)
rNeg    . . .      Spirit   +   O - +7 chain mail of the Land of Plenty {Int+2}
rPois   .          Reflect  .   I - +2 helmet
rElec   .          Harm     .   J - +0 cloak
rCorr   .          Rampage  .   c - +1 pair of gloves
Will    +....                   (no barding)
Stlth   ..........              d - amulet of guardian spirit
HPRegen 0.31/turn               r - +4 ring of protection
MPRegen 0.20/turn               H - ring of ice

@: constricted, curled up
A: large, rugged brown scales 3, see invisible, deformed body, roll 1, armoured
tail, reflexive curl
a: Rolling Charge, Renounce Religion, Depart the Abyss, Bend Space, Banish,
Corrupt, Enter the Abyss


You were in an ice cave.
You worshipped Lugonu.
Lugonu was extremely pleased with you.
You visited 3 branches of the dungeon, and saw 22 of its levels.
You visited the Abyss 1 time.
You also visited: Ossuary, Bailey, Ice Cave and Volcano.

You collected 2681 gold pieces.
You spent 1300 gold pieces at shops.


Innate Abilities, Weirdness & Mutations

You are completely covered in rugged brown scales. (AC +3, +7% HP)
You have supernaturally acute eyesight. (SInv)
Armour fits poorly on your strangely shaped body.
You can roll at nearby foes to attack.
You have a long armoured tail.
You curl defensively after being hit. (AC +7*)


   Skills:
 - Level 12.0 Fighting
 - Level 14.0 Maces & Flails
 + Level 7.7 Armour
 + Level 7.6 Dodging
 - Level 9.0 Shields
 - Level 15.0 Invocations
 - Level 8.0 Evocations


You had 14 spell levels left.
You didn't know any spells.
Your spell library contained the following spells:

 Spells                   Type           Power      Damage    Failure   Level
 Magic Dart               Conj           0%         1d3       95%         1
 Slow                     Hex            0%         N/A       95%         1
 Blink                    Tloc           0%         N/A       99%         2
 Scorch                   Fire           0%         2d5       99%         2
 Searing Ray              Conj           0%         2d4       99%         2
 Confusing Touch          Hex            0%         N/A       100%        3
 Dazzling Flash           Conj/Hex       0%         N/A       100%        3
 Ignite Poison            Fire/Tmut/Pois 0%         N/A       100%        3
 Mephitic Cloud           Conj/Pois/Air  0%         N/A       100%        3
 Ozocubu's Armour         Ice            0%         N/A       100%        3
 Vampiric Draining        Necr           0%         2d6       100%        3
 Flame Wave               Conj/Fire      0%         2d4       100%        4
 Fulminant Prism          Conj/Hex       0%         3d6       100%        4
 Ice Form                 Ice/Tmut       0%         N/A       100%        4
 Iskenderun's Mystic Bla  Conj/Tloc      0%         2d3       100%        4
 Leda's Liquefaction      Hex/Erth       0%         N/A       100%        4
 Passage of Golubria      Tloc           0%         N/A       100%        4
 Agony                    Necr           0%         N/A       100%        5
 Freezing Cloud           Conj/Ice/Air   0%         6-21      100%        5
 Manifold Assault         Tloc           0%         N/A       100%        5
 Silence                  Hex/Air        0%         N/A       100%        5
 Starburst                Conj/Fire      0%         6d3       100%        6
 Summon Cactus Giant      Summ           0%         N/A       100%        6
 Ozocubu's Refrigeration  Ice            0%         4d5       100%        7
 Storm Form               Tmut/Air       0%         N/A       100%        7
 Lehudib's Crystal Spear  Conj/Erth      0%         10d2      100%        8

Inventory:

Hand Weapons
 a - a +2 great mace of flaming (weapon)
 b - the +12 longbow "Eseatoyf" {vorpal, rPois Int+7 Stlth+} Any ammunition fired from it inflicts extra damage upon your enemies. Int: It affects your intelligence (+7). rPois: It protects you from poison. Stlth: It makes you more stealthy.
Missiles
 o - a throwing net {=f}
 u - 354 arrows
 Y - a curare-tipped dart {=f}
Armour
 c - a +1 pair of gloves (worn)
 j - a +0 kite shield
 I - a +2 helmet (worn)
 J - a +0 cloak (worn)
 O - the +7 chain mail of the Land of Plenty (worn) {Int+2}

   Int:       It affects your intelligence (+2).
Jewellery
 d - an amulet of guardian spirit (around neck)
 r - a +4 ring of protection (left hand)
 y - a ring of resist corrosion
 H - a ring of ice (right hand)
 V - a ring of flight
 W - a +4 ring of protection
 X - an amulet of reflection
Wands
 f - a wand of digging (2)
 h - a wand of paralysis (3)
 p - a wand of iceblast (19)
 B - a wand of polymorph (2)
 Q - a wand of mindburst (11)
 U - a wand of acid (1)
Scrolls
 i - 2 scrolls of blinking
 t - 4 scrolls of holy word
 w - 2 scrolls of vulnerability {!r}
 x - 4 scrolls of teleportation {@r4}
 A - a scroll of summoning
 D - 3 scrolls of fog
 E - 2 scrolls of silence {!r}
 G - a scroll of identify {@r1}
 K - 8 scrolls of fear
 P - 4 scrolls of magic mapping
Potions
 k - 12 potions of curing {@q1}
 m - 2 potions of invisibility
 n - 4 potions of resistance
 v - 5 potions of lignification {!q}
 M - 2 potions of brilliance
Miscellaneous
 S - a condenser vane (inert)
 T - a tin of tremorstones (inert)

Dungeon Overview and Level Annotations

Branches:
Dungeon (14/15) Temple (0/1) D:5 Lair (6/6) D:9 Swamp (0/4) Lair:4 Snake (0/4) Lair:4 Slime (0/5) Lair:5 Orc (2/2) D:12 Elf (0/3) Orc:2 Vaults (0/5) D:12 D:13 Ossuary (visited) Bailey (visited) IceCv (1/1) Volcano (visited)

Altars:
Cheibriados
Vehumet
Beogh
Jiyva

Shops:
D:8 =   D:12 *   Orc:2 (*([

Annotations:
Abyss:1 Rupert

▒▒▒▒▒▒▒ ▒.....▒▒
▒......▒▒ .
▒▒▒▒▒▒▒▒...Z...▒.Z.Z
▒#.###.§W∩Z.∩.......
▒▒▒▒▒▒▒▒ZH.....▒....
▒......▒▒ . ▒.....▒▒
▒▒▒▒▒▒▒


You could see a freezing wraith, an anaconda simulacrum, an alligator simulacrum
and a caustic shrike simulacrum (corroded).


Message History

Options error: Unknown monster: "warmonger:9" (~/.crawlrc:1388) Options error: Unknown monster: "corrupter:9" (~/.crawlrc:1389) Options error: Unknown monster: "black sun:9" (~/.crawlrc:1390) Options error: Unknown monster: "greater mummy:lightmagenta M" (~/.crawlrc:1396) Welcome back, sanka the Palentonga Abyssal Knight.
Lugonu says: Spread carnage and corruption!
Unknown command.
Unknown command.
Use which ability? (? or * to list)
You don't have enough magic at the moment.
Okay, then.
The freezing wraith closely misses you.
The freezing wraith hits you but does no damage.
The anaconda simulacrum grabs you.
You stop ascending the stairs.
The anaconda simulacrum bites you but does no damage.
The anaconda simulacrum constricts you.
Unknown command.
You escape the anaconda simulacrum's grasp.
The anaconda simulacrum grabs you.
The anaconda simulacrum bites you but does no damage.
The anaconda simulacrum constricts you.
* * * LOW HITPOINT WARNING * * *
The freezing wraith hits you but does no damage.
The freezing wraith hits you but does no damage.
The caustic shrike simulacrum claws you!
* * * LOW HITPOINT WARNING * * *
The caustic shrike simulacrum freezes you!!
You resist.
You die...

Action                   |  1- 3 |  4- 6 |  7- 9 | 10-12 | 13-15 || total
-------------------------+-------+-------+-------+-------+-------++-------
Melee: Mace              |   114 |    60 |       |       |       ||   174
       Tailslap          |    14 |    21 |    80 |   157 |   210 ||   482
       Flail             |       |   103 |   461 |   324 |       ||   888
       Whip              |       |       |       |    31 |       ||    31
       Dire flail        |       |       |       |   620 |       ||   620
       Unarmed           |       |       |       |    19 |       ||    19
       Great mace        |       |       |       |       |  1271 ||  1271
 Fire: Longbow           |       |       |       |    40 |     5 ||    45
Throw: Throwing net      |       |       |     1 |       |       ||     1
Invok: Banish            |       |     1 |     2 |     5 |    17 ||    25
 Abil: Rolling Charge    |    18 |    17 |    18 |    19 |    57 ||   129
Evoke: Wand              |       |       |       |     5 |     4 ||     9
       Tin of tremorston |       |       |       |       |     2 ||     2
       Condenser vane    |       |       |       |       |     1 ||     1
  Use: Scroll            |       |       |     5 |     8 |     8 ||    21
       Potion            |       |       |       |     1 |     2 ||     3
 Stab: Held in net/web   |       |       |     1 |       |       ||     1
       Sleeping          |       |       |       |     1 |       ||     1
Armor: Leather armour    |    50 |    78 |   143 |       |       ||   271
       Ring mail         |       |       |   117 |   535 |   784 ||  1436
       Chain mail        |       |       |       |       |   336 ||   336
Dodge: Dodged            |    46 |    70 |   184 |   322 |   611 ||  1233

Levels and vault maps discovered:
D:1:      lightli_arrival_boilingwater, layout_loops_ring,
          shapermc_ecumenical_altar_rom_forum, nrook_uturn, minmay_tromino_v4_b
D:2:      layout_loops_ring, serial_forest, infiniplex_forest_lined_room_2,
          infiniplex_forest_clump_double, infiniplex_forest_clump_tiny,
          infiniplex_forest_clump_long, infiniplex_forest_zigzag_1
D:3:      minmay_chambers_of_twos, layout_basic, kennysheep_generic_room_6,
          uniq_jessica, uniq_robin, uniq_natasha
D:4:      layout_loops_cross
D:5:      layout_basic, temple_doors_cd, serial_glass, glass_columns_b,
          glass_columns_a, serial_bayou_lake_a
D:6:      layout_rooms, uniq_duvessa
D:7:      minmay_the_grid_octo_triangle [minmay_the_grid_octo_fat_diamond,
          minmay_the_grid_octo_prize_ultimate_mussel_roller,
          minmay_the_grid_octo_focus], layout_loops_corners,
          nicolae_ossuary_entry_giza, corexii_corridor_pit, uniq_harold
D:8:      minmay_goldmine, layout_basic, serial_shops, kennysheep_mini_moat,
          minivault_27
D:9:      layout_roguey, slow_altar_2, david_lair_shrubbed, uniq_pikel
D:10:     layout_small_grid, chequers_serial_rivers_micro_e
D:11:     layout_gridville, enter_bailey_6
D:12:     layout_cave_pods, orc_0_dummy, serial_shops, kennysheep_little_box,
          hive_lemuel
D:13:     lemuel_slime, layout_rooms, david_vaults_3, uniq_erolcha
D:14:     layout_irregular_city, portal_ice_cave_entry_pillars_three,
          serial_column_ruins, column_ruins_hut, column_ruins_hut,
          column_ruins_open_small, column_ruins_grid_3, column_ruins_open_tiny,
          column_ruins_columns_straight
Lair:1:   layout_layer_cave, nicolae_quartered_pool_super,
          chequers_serial_rivers_micro_c, fungi_pond_lemuel, grunt_megastairs_4
Lair:2:   layout_cave_pods, nicolae_volcano_entry_lava_flow, grunt_megastairs_5,
          uniq_maggie
Lair:3:   layout_layer_cave, special_room, eino_small_chamber_without_monster,
          serial_bayou_pond_b, lemuel_fruit_tree
Lair:4:   layout_big_grid, swamp_mist, minmay_snake_entry_guardpost_medium,
          basic_altar, kennysheep_rathole
Lair:5:   layout_cave_pods, slime_altar_1
Lair:6:   evilmike_catoblepas_cave, layout_regular_city, st_stairs_6,
          serial_bayou_crossing
Orc:1:    layout_diamond_mine, bh_open_orc_temple
Orc:2:    st_orc_open, layout_caves
IceCv:    ice_cave_statue_garden_chambered

Notes
Turn   | Place    | Note
-------+----------+-------------------------------------------
     0 | Abyss:1  | sanka the Palentonga Abyssal Knight began the quest for the
                  | Orb.
     0 | Abyss:1  | Reached XP level 1. HP: 19/19 MP: 2/2
    43 | Abyss:1  | Found a corrupted altar of Lugonu.
    52 | D:1      | Escaped the Abyss
   235 | D:1      | Reached XP level 2. HP: 8/25 MP: 3/3
   508 | D:1      | Reached skill level 3 in Maces & Flails
   710 | D:1      | Reached ** piety under Lugonu
   745 | D:1      | Reached XP level 3. HP: 27/31 MP: 4/4
   819 | D:1      | Found a faded altar of an unknown god.
   827 | D:1      | Got Plato's Volume of Curses
  1289 | D:2      | Reached skill level 4 in Maces & Flails
  1593 | D:2      | Reached XP level 4. HP: 31/37 MP: 3/5
  2125 | D:3      | Noticed Robin
  2153 | D:2      | Killed Robin
  2789 | D:2      | Reached skill level 5 in Maces & Flails
  2835 | D:2      | Reached XP level 5. HP: 10/43 MP: 2/6
  3076 | D:3      | Reached *** piety under Lugonu
  3390 | D:3      | Noticed Jessica
  3393 | D:3      | Killed Jessica
  3598 | D:3      | Noticed Natasha
  3610 | D:3      | Killed Natasha
  3611 | D:3      | Reached skill level 6 in Maces & Flails
  4198 | D:4      | Reached skill level 3 in Invocations
  4240 | D:4      | Reached XP level 6. HP: 50/50 MP: 8/8
  4249 | D:4      | Reached skill level 4 in Invocations
  4486 | D:4      | Reached skill level 5 in Invocations
  4769 | D:4      | Gained mutation: You curl defensively after being hit. (AC
                  | +7*) [Palentonga growth]
  4769 | D:4      | Reached XP level 7. HP: 52/55 MP: 11/11
  4890 | D:4      | Reached skill level 6 in Invocations
  5199 | D:5      | Entered Level 5 of the Dungeon
  5365 | D:5      | Noticed a yak
  5366 | D:5      | Noticed a yak
  5366 | D:5      | Noticed a yak
  5367 | D:5      | Noticed a yak
  5423 | D:4      | Banished a yak
  5424 | D:4      | Reached skill level 7 in Invocations
  5772 | D:5      | Reached skill level 8 in Invocations
  5963 | D:5      | Reached XP level 8. HP: 58/62 MP: 12/14
  6205 | D:5      | Found a staircase to the Ecumenical Temple.
  6492 | D:5      | Reached skill level 7 in Maces & Flails
  7156 | D:5      | Reached **** piety under Lugonu
  7239 | D:5      | Reached skill level 8 in Maces & Flails
  7458 | D:5      | Reached skill level 9 in Maces & Flails
  7753 | D:6      | Reached XP level 9. HP: 38/67 MP: 12/15
  8009 | D:6      | Noticed Dowan
  8011 | D:6      | Noticed Duvessa
  8054 | D:6      | Killed Duvessa
  8055 | D:6      | Reached skill level 10 in Maces & Flails
  8061 | D:6      | Killed Dowan
  8155 | D:6      | Identified the +0 chain mail "Wyxokhei" {Fly}
  8208 | D:6      | Reached skill level 4 in Fighting
  8512 | D:7      | Reached skill level 5 in Fighting
  8536 | D:7      | Reached skill level 6 in Fighting
  8587 | D:7      | Reached skill level 7 in Fighting
  8682 | D:7      | Found a sand-covered staircase.
  8773 | Ossuary  | Entered an ossuary
  8964 | Ossuary  | Reached skill level 8 in Fighting
  9200 | Ossuary  | Reached ***** piety under Lugonu
  9261 | Ossuary  | Reached XP level 10. HP: 83/85 MP: 14/16
  9381 | Ossuary  | Found the ring of Shadows {Umbra +Inv Stlth+}
 10104 | D:7      | Noticed a boulder beetle
 10106 | D:7      | Noticed a gargoyle
 10113 | D:7      | Banished a gargoyle
 10227 | D:7      | Killed a boulder beetle
 10228 | D:7      | Reached skill level 9 in Fighting
 10228 | D:7      | Reached skill level 9 in Invocations
 10770 | D:7      | Reached skill level 11 in Maces & Flails
 10871 | D:7      | Noticed Harold
 10893 | D:7      | Killed Harold
 10905 | D:7      | Identified the +12 longbow "Eseatoyf" {vorpal, rPois Int+7
                  | Stlth+}
 11097 | D:8      | Identified +0 steam dragon scales
 11966 | D:8      | Reached skill level 10 in Invocations
 12069 | D:8      | Paralysed by a hornet for 1 turns
 12075 | D:8      | Paralysed by a hornet for 3 turns
 12088 | D:8      | Reached XP level 11. HP: 68/96 MP: 12/18
 12691 | D:8      | Found Bieshehe's Jewellery Boutique.
 12925 | D:8      | Reached skill level 10 in Fighting
 13094 | D:8      | Bought a +4 ring of protection for 540 gold pieces
 13355 | D:9      | Identified +0 acid dragon scales
 13541 | D:9      | Noticed Pikel
 13567 | D:9      | Killed Pikel
 13568 | D:9      | Reached skill level 12 in Maces & Flails
 13728 | D:9      | Found a staircase to the Lair.
 13957 | D:9      | Found a snail-covered altar of Cheibriados.
 14612 | D:10     | Entered Level 10 of the Dungeon
 15223 | D:10     | Noticed a tengu warrior
 15234 | D:10     | Killed a tengu warrior
 15235 | D:10     | Reached skill level 11 in Fighting
 15698 | D:11     | Reached skill level 13 in Maces & Flails
 15741 | D:13     | Noticed a red ugly thing
 15919 | D:11     | Found a flagged portal.
 15955 | Bailey   | Entered a bailey
 16333 | Bailey   | Noticed an orc knight
 16681 | Bailey   | Killed an orc knight
 16710 | Bailey   | Found a bloodstained altar of Trog.
 16717 | Bailey   | Got the Volume of Frigorific Hexes
 17370 | Lair:1   | Entered Level 1 of the Lair of Beasts
 17473 | Lair:1   | Reached XP level 12. HP: 77/109 MP: 15/19
 17788 | Lair:1   | Reached skill level 12 in Fighting
 18042 | Lair:1   | Reached skill level 14 in Maces & Flails
 18050 | Lair:1   | Reached skill level 1 in Evocations
 18802 | Lair:1   | Reached skill level 2 in Evocations
 18984 | Lair:2   | Noticed an eight-headed hydra
 18996 | Lair:2   | Killed an eight-headed hydra
 18997 | Lair:2   | Reached skill level 1 in Shields
 19034 | Lair:2   | Found a dark tunnel.
 19058 | Lair:2   | Noticed an eight-headed hydra
 19096 | Lair:2   | Killed an eight-headed hydra
 19097 | Lair:2   | Reached skill level 3 in Evocations
 19104 | Lair:2   | Reached skill level 2 in Shields
 19169 | Volcano  | Entered a volcano
 19368 | Volcano  | Reached skill level 11 in Invocations
 19439 | Volcano  | Reached ****** piety under Lugonu
 19545 | Volcano  | Reached skill level 3 in Shields
 19545 | Volcano  | Reached skill level 4 in Evocations
 19812 | Volcano  | Noticed a two-headed ogre
 19818 | Volcano  | Killed a two-headed ogre
 19915 | Volcano  | Found a burning altar of Makhleb.
 19915 | Volcano  | Noticed a two-headed ogre
 19915 | Volcano  | Noticed an ogre mage
 19915 | Volcano  | Noticed a two-headed ogre
 19932 | Volcano  | Killed a two-headed ogre
 19937 | Volcano  | Killed a two-headed ogre
 19939 | Volcano  | Paralysed by an ogre mage for 3 turns
 19942 | Volcano  | Banished an ogre mage
 20243 | Volcano  | Reached skill level 4 in Shields
 20243 | Volcano  | Reached skill level 5 in Evocations
 20478 | Volcano  | Noticed a two-headed ogre
 20489 | Volcano  | Killed a two-headed ogre
 20490 | Volcano  | Reached XP level 13. HP: 95/115 MP: 16/21
 21005 | Lair:2   | Reached skill level 12 in Invocations
 21433 | Lair:2   | Identified +0 steam dragon scales
 21433 | Lair:2   | Noticed Maggie
 21437 | Lair:2   | Killed Maggie
 21804 | Lair:3   | Identified the +4 quarterstaff "Ozu Xad" {drain, Drain
                  | +Blink rElec Int+5}
 22036 | Lair:3   | Reached skill level 5 in Shields
 22041 | Lair:3   | Reached skill level 6 in Evocations
 23386 | Lair:3   | Reached skill level 6 in Shields
 23403 | Lair:3   | Reached skill level 7 in Evocations
 23408 | Lair:3   | Reached skill level 13 in Invocations
 24364 | Lair:4   | Found a radiant altar of Vehumet.
 25134 | Lair:4   | Found a staircase to the Swamp.
 25346 | Lair:4   | Found a staircase to the Snake Pit.
 25577 | Lair:5   | Reached XP level 14. HP: 32/123 MP: 6/24
 26021 | Lair:5   | Reached skill level 7 in Shields
 26021 | Lair:5   | Reached skill level 8 in Evocations
 26407 | Lair:5   | Found a staircase to the Slime Pits.
 26407 | Lair:5   | Found a viscous altar of Jiyva.
 26730 | Lair:6   | Entered Level 6 of the Lair of Beasts
 26822 | Lair:6   | Identified 4 potions of resistance
 26958 | Lair:6   | Reached skill level 14 in Invocations
 27735 | Lair:6   | Reached skill level 8 in Shields
 29282 | Lair:6   | Reached skill level 15 in Invocations
 29444 | Lair:6   | Reached skill level 9 in Shields
 29459 | Lair:6   | Reached skill level 1 in Dodging
 29462 | Lair:6   | Reached skill level 2 in Armour
 30054 | Lair:6   | Identified +1 fire dragon scales
 30055 | Lair:6   | Identified the +4 rapier "Zocen" {vorpal, Str-5 Int+3
                  | Dex+5}
 30326 | D:12     | Reached skill level 2 in Dodging
 30533 | D:12     | Found a staircase to the Orcish Mines.
 30621 | D:12     | Found Kuihup's Assorted Antiques.
 30753 | D:12     | Reached skill level 3 in Armour
 31466 | D:12     | Reached skill level 3 in Dodging
 31731 | Orc:1    | Entered Level 1 of the Orcish Mines
 32544 | Orc:1    | Noticed an orc warlord
 32569 | Orc:1    | Banished an orc warlord
 32573 | Orc:1    | Reached skill level 4 in Armour
 32905 | Orc:1    | Paralysed by an orc sorcerer for 2 turns
 33229 | Orc:1    | Reached skill level 4 in Dodging
 33606 | Orc:2    | Entered Level 2 of the Orcish Mines
 33637 | Orc:2    | Reached XP level 15. HP: 116/125 MP: 26/26
 34225 | Orc:2    | Paralysed by an ogre mage for 5 turns
 34231 | Orc:2    | Reached skill level 5 in Armour
 34893 | Orc:2    | Reached skill level 5 in Dodging
 35831 | Orc:2    | Paralysed by an orc sorcerer for 4 turns
 35839 | Orc:2    | Reached skill level 6 in Armour
 35989 | Orc:2    | Found a staircase to the Elven Halls.
 36072 | Orc:2    | Found Irih's Armour Shop.
 36073 | Orc:2    | Found Sopheudgh's Antique Weapon Shoppe.
 36074 | Orc:2    | Found Toahyan's Assorted Antiques.
 36078 | Orc:2    | Found Hafoebre's Weapon Shoppe.
 36466 | Orc:2    | Bought the +7 chain mail of the Land of Plenty {Int+2} for
                  | 760 gold pieces
 36552 | D:13     | Noticed Rupert
 36552 | D:13     | Noticed Urug
 36552 | D:13     | Found a gate to the Vaults.
 36561 | D:12     | Killed Urug
 36584 | D:12     | Reached skill level 6 in Dodging
 37505 | D:13     | Noticed Erolcha
 37512 | D:13     | Killed Erolcha
 37866 | D:13     | Identified the +5 quarterstaff of Valour {drain, MP+9
                  | Dex+5}
 37942 | D:13     | Reached skill level 7 in Armour
 38378 | D:13     | Reached skill level 7 in Dodging
 38424 | D:13     | Paralysed by Rupert for 4 turns
 38437 | D:13     | Paralysed by Rupert for 7 turns
 38740 | D:13     | Banished Rupert
 39776 | D:14     | Found a frozen archway.
 39797 | IceCv    | Entered an ice cave
 39841 | IceCv    | Upgraded the game from 0.28-a0-1206-g193881aaa2 to
                  | 0.28-a0-1213-g0243856f03
 39842 | IceCv    | HP: 2/128 [caustic shrike simulacrum (13)]
 39842 | IceCv    | Annihilated by a caustic shrike simulacrum

Vanquished Creatures
  Erolcha (D:13)
  Harold (D:7)
  4 boulder beetles
  7 hydras
  2 centaur warriors (D:13)
  2 ogre magi (Orc:2)
  14 two-headed ogres
  4 catoblepae (Lair:6)
  19 death yaks
  2 tengu warriors
  Urug (D:12)
  A hell knight (Volcano)
  Pikel (D:9)
  2 orc knights
  A lindwurm (Lair:3)
  4 orc sorcerers
  5 ugly things
  An oklob plant (D:13)
  4 cyclopes
  4 manticores
  3 black mambas
  18 elephants
  2 molten gargoyles (Volcano)
  10 cane toads
  3 rime drakes
  Maggie (Lair:2)
  2 unseen horrors
  A kobold demonologist (D:13)
  A komodo dragon (shapeshifter) (D:14)
  7 komodo dragons
  An anaconda simulacrum (IceCv)
  A tengu conjurer (D:10)
  A golden dragon simulacrum (IceCv)
  3 meliai (D:12)
  A hornet (D:8)
  13 trolls
  2 polar bears (Lair:6)
  7 slime creatures
  19 blink frogs
  A shadow (D:11)
  A dire elephant simulacrum (IceCv)
  52 yaks
  A wraith (D:9)
  3 wyverns
  8 fire bats (Volcano)
  2 steam dragons
  2 basilisks (Lair:1)
  16 humans
  2 harpy simulacra (IceCv)
  5 nagas (Lair:4)
  2 acid dragons
  3 wargs
  8 water moccasins
  Duvessa (D:6)
  A hornet zombie (Ossuary)
  4 black bears
  26 orc warriors
  An ice beast (D:7)
  3 alligator simulacra (IceCv)
  23 ogres
  7 sky beasts
  13 wolves
  9 centaurs
  4 kobold brigands
  11 bullfrogs
  A gnoll sergeant (D:8)
  4 scorpions
  A wyvern zombie (Ossuary)
  3 water moccasin zombies (Ossuary)
  Dowan (D:6)
  A water moccasin skeleton (D:4)
  9 killer bees
  3 electric eels
  3 wights (D:7)
  4 howler monkeys
  9 bullfrog zombies
  7 lava snakes (Volcano)
  7 centaur zombies
  9 hounds
  7 jellies
  2 gnoll shamans
  14 orc priests
  4 bullfrog skeletons
  An iron imp (D:9)
  A centaur skeleton (D:7)
  Jessica (D:3)
  3 iguanas (D:5)
  Natasha (D:3)
  21 orc wizards
  2 hell rats (Lair:4)
  2 killer bee zombies (Ossuary)
  A hound skeleton (D:4)
  13 mummies
  2 howler monkey zombies (Ossuary)
  Robin (D:2)
  12 gnolls
  2 howler monkey skeletons (D:7)
  5 adders
  7 river rats (Lair:4)
  A shadow imp (D:6)
  2 worms
  2 dart slugs (D:1)
  74 orcs
  4 ball pythons
  24 endoplasms
  5 giant cockroaches
  15 goblins
  13 hobgoblins
  12 quokkas
  A ball python skeleton (D:3)
  6 bats
  6 frilled lizards
  34 kobolds
  A kobold zombie (D:7)
  An orc zombie (D:7)
  9 rats
759 creatures vanquished.

Vanquished Creatures (others)
  2 orcs
  3 bushes (Lair:6)
  35 fungi
  69 plants
  5 withered plants (Ossuary)
114 creatures vanquished.

Grand Total: 873 creatures vanquished
